 Dungeon Crawl Stone Soup version 0.28.0-47-ge53b351184 (webtiles) character file.

Game seed: 18366897286091732452

3706 firemarshallily the Protected (level 9, -26/71 HPs)
             Began as a Demonspawn Fighter on Apr 27, 2022.
             Was a Believer of Qazlal.
             Annihilated by an orc knight
             ... wielding a +0 glaive
              (43 damage)
             ... in a bailey.
             The game lasted 00:31:44 (7847 turns).

firemarshallily the Protected (Demonspawn Fighter)  Turns: 7847, Time: 00:31:47

Health: -26/71     AC: 14    Str: 21    XL:     9   Next: 91%
Magic:  8/12       EV:  9    Int: 10    God:    Qazlal [**....]
Gold:   374        SH:  8    Dex: 12    Spells: 6/8 levels left

rFire   . . .      SeeInvis .   j - +4 mace (vorpal)
rCold   . . .      Faith    +   c - +0 buckler
rNeg    . . .      Spirit   .   b - +0 scale mail
rPois   +          Reflect  .   (helmet restricted)
rElec   .          Harm     .   s - +1 cloak
rCorr   +          Rampage  .   (no gloves)
Will    .....                   g - +1 pair of boots
Stlth   ..........              y - amulet of faith
HPRegen 0.21/turn               f - ring of resist corrosion
MPRegen 0.26/turn               e - ring of poison resistance

@: no status effects
A: horns 1, demonic guardian 2, magic regeneration, sharp scales 2, hooves 1
a: Renounce Religion, Upheaval


You were in a bailey.
You worshipped Qazlal.
Qazlal was pleased with you.
You visited 1 branch of the dungeon, and saw 7 of its levels.
You also visited: Ossuary and Bailey.

You collected 374 gold pieces.

Inventory:

Hand Weapons
 a - a +0 war axe
 j - a +4 vorpal mace (weapon)
Missiles
 k - 4 boomerangs (quivered)
 l - 192 stones
Armour
 b - a +0 scale mail (worn)
 c - a +0 buckler (worn)
 g - a +1 pair of boots (worn)
 s - a +1 cloak (worn)
Jewellery
 e - a ring of poison resistance (right hand)
 f - a ring of resist corrosion (left hand)
 y - an amulet of faith (around neck)
Wands
 r - a wand of iceblast (7)
Scrolls
 d - 3 scrolls of teleportation
 i - a scroll of blinking
 m - 2 scrolls of fog
 w - a scroll of magic mapping
Potions
 h - 2 potions of degeneration {unknown}
 n - a potion of curing
 o - 3 potions of flight
 p - 2 potions of invisibility {unknown}
 q - 2 potions of magic {unknown}
 t - 2 potions of resistance {unknown}
 u - a potion of lignification {unknown}
 v - 2 potions of berserk rage {unknown}
 x - a potion of experience
 z - a potion of mutation
 A - a potion of might
 B - 6 potions of heal wounds {unknown}
 C - a potion of cancellation {unknown}


   Skills:
 + Level 6.9 Fighting
 - Level 1.9(5.4) Axes
 * Level 8.1(8.2) Maces & Flails
 * Level 8.1 Armour
 - Level 2.8 Shields
 + Level 4.7 Invocations


You had 6 spell levels left.
You knew the following spells:

 Your Spells              Type           Power      Damage    Failure   Level
a - Freeze                Ice            0%         1d3       77%         1
b - Summon Small Mammal   Summ           0%         N/A       77%         1

Your spell library contained the following spells:

 Spells                   Type           Power      Damage    Failure   Level
 Shock                    Conj/Air       0%         1d3       77%         1
 Call Canine Familiar     Summ           0%         N/A       98%         3
 Dazzling Flash           Conj/Hex       0%         N/A       98%         3
 Summon Guardian Golem    Hex/Summ       0%         N/A       98%         3
 Swiftness                Air            0%         N/A       98%         3
 Airstrike                Air            0%         N/A       100%        4
 Iskenderun's Mystic Bla  Conj/Tloc      0%         2d3       100%        4
 Summon Ice Beast         Ice/Summ       0%         N/A       100%        4
 Starburst                Conj/Fire      0%         6d3       100%        6
 Malign Gateway           Summ/Tloc      0%         N/A       100%        7


Dungeon Overview and Level Annotations

Branches:
Dungeon (7/15)             Temple (0/1) D:5         Ossuary (visited)
 Bailey (1/1)

Altars:
Dithmenos
Makhleb
Qazlal
Vehumet
Yredelemnul

Shops:
D:1 *   D:4 =


Innate Abilities, Weirdness & Mutations

You have a pair of small horns on your head.
A demonic guardian rushes to your aid.
You regenerate magic rapidly.
You are mostly covered in razor-sharp scales. (AC +2, Slay +2)
You have large cloven feet.


Message History

The stunning burst hits the orc warrior!
The orc warrior is paralysed.
The stunning burst hits the orc!
The orc dies!
Qazlal accepts your kill.
The stunning burst hits the orc knight!
The orc knight is paralysed.
You see here a blue potion.
B - 2 blue potions (gained 1)
The orc knight is no longer paralysed.
The orc warrior is no longer paralysed.
Your air elemental hits the orc warrior!
Your air elemental fires a burst of electricity at the orc warrior.
The stunning burst hits the orc warrior!
The orc warrior dies!
Qazlal accepts your kill.
The stunning burst hits the orc knight!
The orc knight is paralysed.
The stunning burst hits the orc knight.
The orc knight is paralysed.
Your air elemental hits the orc.
The orc knight is no longer paralysed. x2
Your air elemental completely misses the orc.
Your air elemental hits the orc!
The orc dies!
Qazlal accepts your kill.
You see here a blue potion.
B - 3 blue potions (gained 1)
You see here a blue potion.
B - 4 blue potions (gained 1)
Your air elemental disappears in a puff of smoke!
You block the orc knight's attack.
You see here a blue potion.
B - 5 blue potions (gained 1)
The orc knight hits you from afar with a +0 glaive!!
A demonic guardian appears!
The orc knight closely misses you.
Your ice devil hits the orc knight.
Your ice devil freezes the orc knight!
You see here a blue potion.
B - 6 blue potions (gained 1)
You block the orc knight's attack.
The orc knight hits you from afar with a +0 bardiche!!
* * * LOW HITPOINT WARNING * * *
The orc knight hits you from afar with a +0 glaive!!!
Ouch! That really hurt!
You die... #...)...# #..#)#..# #.......# #..)..# ##'o'## #..oo.# #.oooo#

#.4...#
#...@.#
#..☼..#
##'''##
##.....##
#.......#
#.......#
#..#.#..#
#..#8#..#
#..)..).#


You could see 4 orc knights, an orc warrior (strong), 2 orcs and a friendly ice
devil (summoned).

Vanquished Creatures
  5 yaks (D:6)
  A sky beast (D:6)
  2 orc warriors (Bailey)
  A black bear (D:5)
  An ice beast (D:5)
  A necrophage (D:5)
  2 ogres (D:6)
  2 centaurs
  8 scorpions
  A water moccasin zombie (D:6)
  2 howler monkeys
  A crimson imp (D:5)
  2 centaur zombies
  6 hounds
  A jelly (D:5)
  An orc priest (D:3)
  Crazy Yiuf (D:4)
  2 human zombies (Ossuary)
  A centaur skeleton (D:5)
  3 iguanas
  A bullfrog skeleton (D:7)
  3 scorpion zombies (Ossuary)
  Ijyb (D:3)
  3 orc wizards
  A hound skeleton (D:4)
  2 mummies (Ossuary)
  4 adders
  A howler monkey skeleton (D:4)
  A shadow imp (D:7)
  5 white imps
  An ufetubus (D:5)
  4 worms
  3 dart slugs
  34 orcs
  5 ball pythons
  5 endoplasms
  2 giant cockroaches (D:4)
  4 gnoll zombies (Ossuary)
  12 goblins
  5 hobgoblins
  3 jackals (D:3)
  A quokka (D:1)
  3 bats
  4 frilled lizards
  6 goblin zombies (Ossuary)
  A hobgoblin zombie (Ossuary)
  9 kobolds
  A kobold zombie (Ossuary)
  3 orc zombies (Ossuary)
  4 rats
176 creatures vanquished.

Vanquished Creatures (collateral kills)
  3 orc warriors (Bailey)
  A centaur (D:6)
  2 scorpions (Ossuary)
  A mummy (Ossuary)
  6 orcs (Bailey)
13 creatures vanquished.

Vanquished Creatures (others)
  2 plants (D:3)
2 creatures vanquished.

Grand Total: 191 creatures vanquished

Notes
Turn   | Place    | Note
-------+----------+-------------------------------------------
     0 | D:1      | firemarshallily the Demonspawn Fighter began the quest for
                  | the Orb.
     0 | D:1      | Reached XP level 1. HP: 18/18 MP: 1/1
   320 | D:1      | Found Cosiurao's Assorted Antiques.
   416 | D:1      | Got Ahukkoeng's Grimoire of Freezing Creation
   467 | D:1      | Found a faded altar of an unknown god.
   475 | D:1      | Prayed at the altar of an unknown god.
   475 | D:1      | Became a worshipper of Vehumet
   475 | D:1      | Reached * piety under Vehumet
   475 | D:1      | Offered knowledge of Freeze by Vehumet.
   805 | D:1      | Gained mutation: You are partially covered in razor-sharp
                  | scales. (AC +1, Slay +1) [demonic ancestry]
   805 | D:1      | Reached XP level 2. HP: 24/24 MP: 2/2
  1391 | D:2      | Reached skill level 1 in Maces & Flails
  1687 | D:2      | Gained mutation: Your system is resistant to poisons.
                  | (rPois) [potion of mutation]
  1687 | D:2      | Gained mutation: Your spells are a little easier to cast,
                  | but a little less powerful. [potion of mutation]
  1690 | D:2      | Reached XP level 3. HP: 10/29 MP: 3/3
  1693 | D:2      | Learned a level 1 spell: Freeze
  2288 | D:3      | Gained mutation: You are mostly covered in razor-sharp
                  | scales. (AC +2, Slay +2) [demonic ancestry]
  2288 | D:3      | Reached XP level 4. HP: 35/35 MP: 4/4
  2358 | D:3      | Offered knowledge of Static Discharge by Vehumet.
  2415 | D:3      | Reached ** piety under Vehumet
  2464 | D:3      | Noticed Ijyb
  2472 | D:3      | Killed Ijyb
  2523 | D:3      | Lost mutation: Your spells are a little easier to cast, but
                  | a little less powerful. [potion of mutation]
  2523 | D:3      | Lost mutation: Your system is resistant to poisons. (rPois)
                  | [potion of mutation]
  2523 | D:3      | Gained mutation: You have large cloven feet. [potion of
                  | mutation]
  2579 | D:3      | Found a stormy altar of Qazlal.
  2601 | D:3      | Gained mutation: A weak demonic guardian rushes to your
                  | aid. [demonic ancestry]
  2601 | D:3      | Reached XP level 5. HP: 28/42 MP: 5/5
  2732 | D:3      | Fell from the grace of Vehumet
  2732 | D:3      | Became a worshipper of Qazlal Stormbringer
  3536 | D:4      | Reached * piety under Qazlal
  3560 | D:4      | Found Metol's Jewellery Emporium.
  3568 | D:4      | Gained mutation: You regenerate magic rapidly. [demonic
                  | ancestry]
  3568 | D:4      | Reached XP level 6. HP: 35/48 MP: 6/6
  3868 | D:4      | Found a runed translucent door.
  3869 | D:4      | Noticed Crazy Yiuf
  3878 | D:4      | Killed Crazy Yiuf
  4434 | D:4      | Found a basalt altar of Yredelemnul.
  4436 | D:4      | Found a shadowy altar of Dithmenos.
  4806 | D:5      | Entered Level 5 of the Dungeon
  4843 | D:5      | Learned a level 1 spell: Summon Small Mammal
  4861 | D:5      | Found a staircase to the Ecumenical Temple.
  4877 | D:5      | Gained mutation: A demonic guardian rushes to your aid.
                  | [demonic ancestry]
  4877 | D:5      | Reached XP level 7. HP: 41/55 MP: 7/7
  4961 | D:5      | Identified the +3 short sword of Neurosis {holy, rPois MP+9
                  | Str+5}
  5212 | D:5      | Reached skill level 5 in Fighting
  5212 | D:5      | Reached skill level 5 in Armour
  5299 | D:5      | Found a sand-covered staircase.
  5304 | Ossuary  | Entered an ossuary
  5319 | Ossuary  | Reached skill level 5 in Maces & Flails
  5363 | Ossuary  | Gained mutation: You have a pair of small horns on your
                  | head. [demonic ancestry]
  5363 | Ossuary  | Reached XP level 8. HP: 48/62 MP: 8/8
  5508 | Ossuary  | Reached ** piety under Qazlal
  6139 | D:5      | Found a burning altar of Makhleb.
  6140 | D:5      | Found a radiant altar of Vehumet.
  6290 | D:6      | Reached skill level 1 in Invocations
  6332 | D:6      | Reached XP level 9. HP: 31/69 MP: 10/10
  6812 | D:6      | Reached *** piety under Qazlal
  7354 | D:7      | Found a flagged portal.
  7414 | Bailey   | Entered a bailey
  7428 | Bailey   | Was forgiven by Vehumet
  7835 | Bailey   | Noticed an orc knight
  7835 | Bailey   | Noticed an orc knight
  7835 | Bailey   | Noticed an orc knight
  7836 | Bailey   | Noticed an orc knight
  7847 | Bailey   | Annihilated by an orc knight

Illustrated notes

Levels and vault maps discovered:
D:1:      dpeg_arrival_central, layout_loops_ring,
          shapermc_ecumenical_altar_starsandcircs, serial_shops, shop
D:2:      layout_rooms
D:3:      corexii_shack_village, layout_loops_corners, grunt_qazlal_clouds,
          uniq_ijyb
D:4:      layout_basic, chequers_temple_overflow_statue_of_worship,
          serial_shops, shop_statue, uniq_crazy_yiuf_cottage
D:5:      layout_basic, grunt_temple_overflow_lords_of_destruction,
          minmay_temple_entry_junction_2, enter_ossuary_2
D:6:      layout_loops_ring
D:7:      layout_loops_cross, overflow_temple_1_default, okawaru_trees_2,
          enter_bailey_5, serial_shops, nicolae_diamond_shop
Bailey:   bailey_polearm_5, bailey

Skill      XL: |  1  2  3  4  5  6  7  8  9 |
---------------+----------------------------+-----
Maces & Flails | 1 2 3 4 5 6 8 |  8.1
Armour         | 3 4 5 6 8 |  8.1
Fighting       | 4 5 6 |  6.9
Invocations    | 2 4 |  4.7
Axes           | |  1.9
Shields        | |  2.8

Action                   |  1- 3 |  4- 6 |  7- 9 || total
-------------------------+-------+-------+-------++-------
Melee: War axe           |    20 |       |       ||    20
       Mace              |    65 |   149 |   227 ||   441
       Headbutt          |       |       |    33 ||    33
Throw: Boomerang         |     6 |    11 |    10 ||    27
Invok: Elemental Force   |       |       |     4 ||     4
  Use: Potion            |     2 |     1 |     2 ||     5
       Scroll            |       |     8 |     5 ||    13
Armor: Scale mail        |    43 |    58 |   108 ||   209
Dodge: Dodged            |    32 |    47 |    72 ||   151
Block: Buckler           |    22 |    33 |    85 ||   140
